Map: Orbital Shipyard

Players

Soulkey

  • Race: Zerg Zerg
  • League: Grandmaster

llllllllllll - Winner!

  • Race: Protoss Protoss
  • League: Grandmaster

VOD

Have the link to the VOD?

Description

Time

  • Played on: Nov. 20, 2015, 9:32 p.m.
  • Length: 9:13
Show
View Real Time Build Order
Export as new Build Order

Soulkey Zerg 

Build Orders: 3 Hatch before Pool 

Get SALT Encoding   

  12  0:01  Drone  
  13  0:12  Overlord  
  13  0:18  Drone  
  14  0:30  Drone x2  
  16  0:36  Drone  
  17  0:52  Hatchery  
  17  0:55  Drone  
  17  0:58  Drone  
  18  1:07  Drone  
  19  1:22  Hatchery  
  19  1:25  Drone  
  19  1:31  Drone, Extractor  
  19  1:43  Spawning Pool  
  18  1:47  Drone  
  18  1:49  Drone  
  20  2:07  Drone x2  
  22  2:15  Drone  
  22  2:16  Drone  
  22  2:21  Drone  
  25  2:28  Drone  
  26  2:36  Queen  
  26  2:37  Queen  
  26  2:38  Queen  
  26  2:41  Metabolic Boost  
  33  2:44  Zergling x2  
  33  2:47  Overlord  
  33  2:50  Drone  
  34  2:53  Overlord  
  34  3:09  Drone x3  
  34  3:10  Drone x2  
  34  3:11  Drone x3  
  42  3:20  Queen  
  42  3:22  Queen  
  42  3:26  Drone  
  47  3:29  Overlord  
  47  3:32  Overlord  
  47  3:34  Drone  
  47  3:35  Drone  
  47  3:37  Drone  
  50  3:48  Zergling x4  
  52  3:51  Zergling x4  
  50  4:03  Lair  
  48  4:13  Drone  
  48  4:14  Drone x6  
  55  4:28  Drone, Extractor x2  
  55  4:29  Drone x6  
  55  4:30  Extractor  
  59  4:32  Extractor  
  59  4:33  Drone, Extractor  
  59  4:34  Roach Warren  
  59  4:35  Evolution Chamber  
  59  4:36  Evolution Chamber  
  55  4:39  Overlord x2  
  55  4:45  Drone x2  
  56  4:46  Drone x2  
  59  4:58  Drone x4  
  63  5:01  Drone x5  
  63  5:03  Zerg Missile Weapons Level 1  
  68  5:08  Overlord  
  68  5:10  Overlord  
  68  5:23  Drone x4, Glial Reconstitution  
  68  5:25  Zerg Ground Armor Level 1  
  68  5:27  Drone  
  68  5:28  Drone  
  74  5:34  Drone x4  
  78  5:42  Overlord x3  
  78  5:51  Overseer  
  78  5:53  Overlord x3  
  78  6:02  Roach x5  
  78  6:03  Roach  
  89  6:05  Roach  
  89  6:09  Roach x2  
  95  6:13  Roach x3  
  87  6:18  Roach  
  87  6:19  Roach  
  87  6:20  Roach  
  85  6:28  Roach x3  
  82  6:35  Roach x2  
  82  6:37  Drone  
  82  6:39  Drone x2  
  86  6:42  Drone  
  86  6:43  Drone  
  88  7:02  Drone x2  
  88  7:03  Drone x7  
  88  7:04  Drone  
  88  7:07  Drone x2  
  100  7:12  Drone x3  
  104  7:15  Ravager x2  
  104  7:16  Ravager x3  
  104  7:18  Ravager x3  
  104  7:22  Drone x2  
  113  7:23  Drone  
  113  7:25  Drone  
  115  7:32  Drone x4  
  115  7:36  Roach x3  
  115  7:37  Ravager x3  
  127  7:38  Ravager  
  127  7:42  Roach x2  
  133  7:44  Roach  
  133  7:47  Roach  
  133  7:48  Overlord  
  137  7:57  Overlord x2  
  137  8:00  Overlord  
  127  8:18  Roach  
  127  8:19  Roach x4  
  136  8:20  Roach x6  
  136  8:21  Roach  
  136  8:26  Roach  
  140  8:31  Roach  
  124  8:42  Roach x4  
  124  8:45  Roach x2  
  121  8:51  Roach  
Show
View Real Time Build Order
Export as new Build Order

llllllllllll Protoss - Winner!

Build Orders: Nexus First 

Get SALT Encoding   

  12  0:01  Probe (Chrono Boost)  
  13  0:11  Probe (Chrono Boost)  
  14  0:18  Pylon  
  14  0:22  Probe (Chrono Boost)  
  15  0:36  Probe (Chrono Boost)  
  16  0:47  Probe (Chrono Boost)  
  17  0:57  Probe (Chrono Boost)  
  18  1:05  Nexus  
  18  1:08  Probe (Chrono Boost)  
  19  1:16  Gateway  
  19  1:18  Probe (Chrono Boost)  
  20  1:29  Probe (Chrono Boost)  
  20  1:32  Gateway  
  22  1:40  Probe (Chrono Boost)  
  22  1:45  Pylon  
  22  1:48  Assimilator  
  22  1:50  Probe (Chrono Boost)  
  23  1:55  Assimilator  
  23  2:03  Probe (Chrono Boost)  
  24  2:10  Cybernetics Core  
  24  2:14  Probe (Chrono Boost)  
  25  2:18  Probe (Chrono Boost)  
  26  2:24  Probe (Chrono Boost)  
  26  2:28  Probe (Chrono Boost)  
  28  2:35  Probe (Chrono Boost)  
  29  2:39  Probe (Chrono Boost)  
  30  2:45  Probe (Chrono Boost)  
  30  2:48  Adept x2 (Chrono Boost), Warp Gate  
  30  2:49  Probe  
  36  2:57  Probe  
  37  3:01  Probe  
  38  3:13  Mothership Core (Chrono Boost)  
  38  3:17  Nexus  
  41  3:20  Pylon  
  41  3:21  Probe (Chrono Boost)  
  41  3:27  Twilight Council  
  41  3:31  Probe (Chrono Boost)  
  41  3:32  Adept  
  44  3:35  Adept  
  46  3:42  Probe (Chrono Boost)  
  46  3:43  Pylon  
  46  3:44  Probe (Chrono Boost)  
  48  3:53  Probe (Chrono Boost)  
  48  3:55  Probe (Chrono Boost)  
  50  3:59  Adept  
  50  4:02  Adept  
  54  4:03  Probe (Chrono Boost)  
  54  4:05  Probe (Chrono Boost)  
  52  4:10  Resonating Glaives (Chrono Boost)  
  52  4:12  Gateway  
  52  4:14  Gateway, Probe  
  53  4:17  Gateway  
  53  4:18  Probe  
  54  4:26  Gateway, Probe  
  54  4:29  Pylon  
  54  4:31  Probe  
  55  4:34  Probe  
  57  4:38  Probe  
  57  4:39  Pylon  
  57  4:41  Probe  
  57  4:44  Probe  
  59  4:51  Stalker x2, Probe  
  59  4:52  Probe  
  65  4:55  Probe  
  65  4:57  Assimilator  
  65  4:58  Assimilator  
  67  5:02  Probe  
  67  5:03  Probe  
  67  5:05  Probe  
  67  5:06  Robotics Facility  
  70  5:18  Probe x2  
  70  5:19  Probe  
  73  5:22  Forge  
  73  5:23  Forge  
  73  5:27  Adept x2  
  73  5:28  Adept x2  
  81  5:31  Adept  
  81  5:34  Adept  
  85  5:38  Blink (Chrono Boost)  
  85  5:41  Probe x2  
  85  5:43  Probe  
  85  5:46  Pylon  
  88  5:53  Warp Prism  
  90  5:58  Pylon x2, Protoss Ground Weapons Level 1 (Chrono Boost), Protoss Ground Armor Level 1 (Chrono Boost)  
  90  6:02  Adept  
  92  6:09  Adept  
  92  6:10  Adept x3  
  100  6:16  Pylon  
  100  6:18  Pylon  
  100  6:34  Stalker x6  
  111  6:40  Observer  
  111  6:43  Assimilator x2  
  111  6:44  Pylon  
  111  6:46  Probe  
  111  6:48  Probe x2  
  114  6:58  Pylon  
  114  6:59  Stalker  
  114  7:00  Stalker x5  
  126  7:01  Pylon  
  126  7:08  Gateway  
  126  7:09  Gateway  
  126  7:28  Stalker x3  
  126  7:29  Stalker x3  
  138  7:34  Gateway  
  138  7:36  Pylon  
  138  7:37  Pylon  
  138  7:47  Gateway  
  138  7:51  Stalker  
  138  7:52  Stalker x5  
  138  7:57  Pylon  
  138  7:58  Pylon  
  130  8:13  Stalker  
  130  8:17  Stalker x5  
  131  8:21  Stalker  
  133  8:37  Stalker  
  121  8:44  Stalker x5  
  121  8:45  Stalker x2  
  101  9:05  Stalker x2  
  101  9:07  Stalker x6  
  101  9:08  Stalker  
  101  9:12  Pylon  
Tags
 
Add a new tag
Caveats
  • Supply blocks, unpowered buildings, or Contaminate may cause inaccurate times.
  • Supply counts are checked every 10 seconds.